AoeStats
← Faze_Plo

Arabia

507661735Analyzed
1v1 RM · 11d ago on Sep 19, 2026· 44m 48s· 2 players
Game mode
Random Map
Map size
Tiny (2 player)
Population
200
Speed
Normal
Resources
Standard
Victory
Conquest
Starting age
Dark Age
Ending age
Imperial Age
RankedLock teamsTeams togetherTeam positionsShared explorationLock speedFull tech treeHidden civsTurbo modeCheats
Victory
Defeat
🇺🇸 Maya · United States
939
+16
🇫🇷 Khmer · France
941
-16
Faze_Plo
0:26 Loom
9:49 Feudal Age
16:26 Fletching
17:18 Padded Archer Armor
23:45 Castle Age
21:39 Double-Bit Axe
21:36 Horse Collar
22:33 Wheelbarrow
23:08 Scale Mail Armor
23:22 Forging
25:19 Heavy Plow
25:03 Crossbowman
26:19 Hand Cart
25:50 Town Watch
26:18 Bodkin Arrow
25:58 Eagle Warrior
30:12 Thumb Ring
31:28 Town Patrol
31:49 Leather Archer Armor
32:37 Chain Mail Armor
32:58 Iron Casting
34:19 Squires
35:42 Ballistics
35:03 Treadmill Crane
43:17 Imperial Age
BeUt33
2:16 Loom
12:30 Feudal Age
12:51 Horse Collar
13:54 Man-at-Arms
14:31 Town Watch
21:07 Castle Age
19:10 Double-Bit Axe
23:21 Elite Skirmisher
25:59 Bow Saw
25:26 Long Swordsman
26:13 Padded Archer Armor
26:03 Fletching
27:32 Leather Archer Armor
30:18 Wheelbarrow
30:54 Bodkin Arrow
35:30 Hand Cart
36:26 Gold Mining
36:54 Tusk Swords
39:40 Imperial Age
37:33 Stone Mining
38:25 Light Cavalry
40:41 Forging
39:54 Two-Handed Swordsman
42:36 Light Cavalry
44:28 Bloodlines
43:39 Cavalier
45:46 Ring Archer Armor
Connection lost

Rejoining the realm…

Still unreachable

The connection could not be restored.

Session expired

The server has moved on; the page needs a fresh start.